AoeStats
← Fraise le conquérant

Black Forest

504068952Analyzed
2v2 RM · 28d ago on Sep 3, 2026· 57m 3s· 4 players
Game mode
Random Map
Map size
Medium (4 player)
Population
200
Speed
Normal
Resources
Standard
Victory
Conquest
Starting age
Dark Age
Ending age
Imperial Age
RankedLock teamsTeams togetherTeam positionsShared explorationLock speedFull tech treeHidden civsTurbo modeCheats
Victory
Defeat
🇸🇰 Poles · Slovakia
927
+15
🇸🇰 Goths · Slovakia
927
+15
🇫🇷 Ethiopians · France
903
-16
🇫🇷 Franks · France
892
-14
Germain
11:27 Feudal Age
12:43 Wheelbarrow
12:01 Double-Bit Axe
18:03 Castle Age
17:31 Gold Mining
17:35 Town Watch
22:54 Bow Saw
23:49 Horse Collar
25:28 Ballistics
26:17 Stone Mining
27:07 Gold Shaft Mining
27:56 Heavy Plow
32:37 Imperial Age
30:16 Stone Mining
30:13 Elite Skirmisher
31:00 Thumb Ring
30:53 Fletching
31:04 Padded Archer Armor
31:33 Squires
31:19 Arson
32:23 Stone Shaft Mining
31:57 Bodkin Arrow
31:47 Crossbowman
34:20 Chemistry
33:26 Siege Engineers
34:06 Hand Cart
33:37 Loom
35:12 Arbalester
37:13 Two-Man Saw
38:25 Fortified Wall
38:10 Murder Holes
38:42 Halberdier
40:55 Forging
40:45 Scale Mail Armor
41:01 Leather Archer Armor
40:47 Bracer
Fraise le conquérant
0:29 Loom
11:33 Feudal Age
14:47 Wheelbarrow
14:10 Double-Bit Axe
15:36 Gold Mining
20:14 Castle Age
24:52 Gold Shaft Mining
24:46 Bow Saw
30:54 Hand Cart
33:49 Imperial Age
32:01 Forging
32:19 Stone Mining
34:04 Cavalier
34:55 Husbandry
41:12 Murder Holes
43:05 Conscription
43:07 Hand Cart
45:21 Forging
46:43 Paladin
47:22 Town Watch
47:48 Scale Barding Armor
IamGroot!
1:53 Loom
13:08 Feudal Age
13:56 Double-Bit Axe
13:52 Horse Collar
15:51 Wheelbarrow
21:13 Castle Age
21:31 Stone Mining
21:33 Gold Mining
25:55 Bow Saw
25:55 Scale Barding Armor
25:15 Man-at-Arms
28:16 Heavy Plow
30:47 Hand Cart
30:16 Long Swordsman
30:16 Pikeman
30:57 Squires
31:40 Chain Barding Armor
33:13 Szlachta Privileges
33:21 Scale Mail Armor
33:31 Forging
34:33 Chain Mail Armor
34:20 Gold Mining
35:13 Husbandry
35:28 Fortified Wall
36:05 Iron Casting
37:05 Ballistics
36:36 Town Watch
41:05 Imperial Age
38:36 Town Patrol
39:26 Guard Tower
39:32 Murder Holes
42:06 Stone Shaft Mining
41:14 Cavalier
42:05 Bloodlines
42:57 Chemistry
42:41 Plate Mail Armor
43:11 Blast Furnace
42:11 Fletching
42:22 Padded Archer Armor
42:06 Capped Ram
44:30 Crop Rotation
43:36 Two-Handed Swordsman
44:02 Arson
44:59 Keep
44:45 Bombard Tower
44:11 Arrowslits
44:17 Siege Ram
45:29 Conscription
50:54 Treadmill Crane
52:49 Elite Obuch
53:00 Sappers
53:01 Champion
popper10
4:18 Loom
12:24 Feudal Age
12:56 Double-Bit Axe
20:10 Castle Age
18:35 Horse Collar
22:18 Stone Mining
26:09 Squires
26:42 Scale Mail Armor
28:56 Wheelbarrow
31:04 Man-at-Arms
31:05 Pikeman
32:12 Long Swordsman
34:09 Chain Mail Armor
34:04 Forging
38:32 Iron Casting
39:54 Hand Cart
40:23 Heavy Plow
40:32 Elite Skirmisher
44:34 Imperial Age
45:23 Anarchy
45:24 Perfusion
46:27 Blast Furnace
46:44 Halberdier
48:58 Fletching
49:08 Padded Archer Armor
49:15 Scale Barding Armor
51:14 Chemistry
50:18 Elite Huskarl
55:18 Two-Handed Swordsman
Connection lost

Rejoining the realm…

Still unreachable

The connection could not be restored.

Session expired

The server has moved on; the page needs a fresh start.